 Dungeon Crawl Stone Soup version 0.19.0-19-g8c6edcc (webtiles) character file.

283 rocketpapaya the Sneak (level 6, -2/36 HPs)
             Began as an Octopode Enchanter on Nov 12, 2016.
             Slain by an orc wizard
             ... wielding a +2 dagger of electrocution
              (20 damage)
             ... on level 5 of the Dungeon.
             The game lasted 00:06:03 (3201 turns).

rocketpapaya the Sneak (Octopode Enchanter)         Turns: 3201, Time: 00:06:04

Health: -2/36      AC:  1    Str:  7    XL:     6   Next: 28%
Magic:  13/19      EV: 13    Int: 20    God:
Gold:   214        SH:  0    Dex: 12    Spells: 3 memorised, 4 levels left

rFire  . . .     SeeInvis .     a - +1 dagger
rCold  . . .     Gourm    .     (no shield)
rNeg   . . .     Faith    .     (helmet restricted)
rPois  .         Spirit   .     (no amulet)
rElec  .         Reflect  .     s - ring of magical power
rCorr  .         Harm     .     (no ring)
MR     .....                    (no ring)
Stlth  ++++......               (no ring)
                                (no ring)
                                (no ring)
                                (no ring)
                                (no ring)

@: no status effects
A: almost no armour, stealthy swim, amphibious, 8 rings, constrict 8, camouflage
1, gelatinous body 1
a: no special abilities


You were on level 5 of the Dungeon.
You were not hungry.

You visited 1 branch of the dungeon, and saw 5 of its levels.

You collected 214 gold pieces.

Inventory:

Hand Weapons
 a - a +1 dagger (weapon)
 w - a +1 long sword of electrocution
 y - the +8 whip of Bodily Harmony {freeze, rN+, unknown}
   (You found it on level 4 of the Dungeon)

   It has been specially enchanted to freeze those struck by it, causing extra
   injury to most foes and up to half again as much damage against particularly
   susceptible opponents.
   It can also slow down cold-blooded creatures.
   It protects you from negative energy.
Missiles
 e - 150 stones (quivered)
Jewellery
 s - a ring of magical power (left tentacle)
Scrolls
 d - 2 scrolls of random uselessness {unknown}
 g - 2 scrolls of immolation {unknown}
 i - 2 scrolls of recharging {unknown}
 j - 3 scrolls of identify {unknown}
 k - a scroll of magic mapping {unknown}
 n - 2 scrolls of remove curse {unknown}
 q - 2 scrolls of noise {unknown}
 x - 2 scrolls of enchant armour {unknown}
Potions
 h - a potion of haste {unknown}
 l - a potion of curing {unknown}
 o - a potion of cure mutation {unknown}
 p - a potion of cancellation {unknown}
 r - 2 potions of agility {unknown}
 t - a potion of lignification {unknown}
 v - a potion of resistance {unknown}
 z - a potion of flight {unknown}
Books
 b - a book of Maledictions

   Spells                             Type                      Level
   a - Corona                         Hexes                        1
   b - Ensorcelled Hibernation        Hexes/Ice                    2
   c - Confuse                        Hexes                        3
   d - Tukima's Dance                 Hexes                        3
   e - Dazzling Spray                 Conjuration/Hexes            3
Comestibles
 c - 5 bread rations
 f - 2 meat rations
 m - 2 slices of pizza
 u - 2 royal jellies
 A - 2 chunks of flesh


   Skills:
 * Level 3.3 Short Blades
 - Level 2.0 Dodging
 + Level 5.2 Stealth
 + Level 2.9 Spellcasting
 * Level 4.3 Hexes
 + Level 1.7 Ice Magic


You had 4 spell levels left.
You knew the following spells:

 Your Spells              Type           Power        Failure   Level  Hunger
a - Corona                Hex            ###....      2%          1    None
b - Ensorcelled Hibernat  Hex/Ice        ###...       10%         2    ##.....
c - Confuse               Hex            ###.....     10%         3    ###....


Dungeon Overview and Level Annotations

Branches:
Dungeon (5/15)
 Temple: D:4-7

Altars:
Kikubaaqudgha
Nemelex Xobeh
Vehumet


Innate Abilities, Weirdness & Mutations

You cannot wear most types of armour.
You are very stealthy in the water. (Stealth+)
You are amphibious.
You can wear up to eight rings at the same time.
You can use your tentacles to constrict eight enemies at once.
Your skin changes colour to match your surroundings (Stealth+).
Your rubbery body absorbs attacks. (AC +1, EV +1)


Message History

The orc wizard hits you with a dagger of electrocution.
Casting: Ensorcelled Hibernation
Confirm with . or Enter, or press ? or * to list all spells.
Aiming: Ensorcelled Hibernation
Press: ? - help, Shift-Dir - straight line, f/p - orc wizard
Aim: an orc wizard, wielding a dagger of electrocution and wearing a robe (chance to defeat MR: 46%)
The orc wizard resists with some effort.
The orc shouts!
The orc wizard hits you with a dagger of electrocution.
You are electrocuted!
Casting: Ensorcelled Hibernation
Confirm with . or Enter, or press ? or * to list all spells.
Aiming: Ensorcelled Hibernation
Press: ? - help, Shift-Dir - straight line, f/p - orc wizard
Aim: an orc wizard, wielding a dagger of electrocution and wearing a robe (chance to defeat MR: 46%)
The orc wizard resists with some effort.
The orc wizard hits you but does no damage.
You are electrocuted!
Ouch! That really hurt!
You die...

#.# #.# #.# ##.##
##...## #.###.#
###############.# #.#
........(......o###.#
.#...#...#...#.#@..##
......$........##.##
.#...#...#...####.#
o.............# #.#
#################.##
........###......#
#...........###..#
#.......##### #..#
##.###..# #..#


You could see an orc wizard.

Vanquished Creatures
  A hound (D:5)
  An orc priest (D:5)
  An orc wizard (D:5)
  Natasha (D:4)
  2 worker ants (D:4)
  5 adders
  An adder skeleton (D:4)
  2 dart slugs
  4 leopard geckos
  5 orcs
  2 ball pythons
  6 bats
  2 giant cockroaches
  6 goblins
  5 hobgoblins
  8 jackals
  A quokka (D:2)
  5 frilled lizards
  4 kobolds
  6 rats
68 creatures vanquished.

Notes
Turn   | Place    | Note
-------+----------+-------------------------------------------
     0 | D:1      | rocketpapaya the Octopode Enchanter began the quest for the Orb.
     0 | D:1      | Reached XP level 1. HP: 11/11 MP: 3/3
   187 | D:1      | Reached XP level 2. HP: 14/17 MP: 5/5
   201 | D:1      | Learned a level 2 spell: Ensorcelled Hibernation
   622 | D:1      | Reached XP level 3. HP: 21/21 MP: 6/6
   638 | D:1      | Learned a level 3 spell: Confuse
  1159 | D:2      | Found a radiant altar of Vehumet.
  1224 | D:2      | Reached XP level 4. HP: 13/27 MP: 2/7
  2365 | D:4      | Found a sparkling altar of Nemelex Xobeh.
  2377 | D:4      | Reached skill level 1 in Ice Magic
  2377 | D:4      | Reached XP level 5. HP: 31/31 MP: 9/9
  2415 | D:4      | Noticed Natasha
  2422 | D:4      | Killed Natasha
  2611 | D:4      | Got a warped whip
  2613 | D:4      | Found an ancient bone altar of Kikubaaqudgha.
  2626 | D:4      | Reached skill level 5 in Stealth
  2851 | D:5      | Entered Level 5 of the Dungeon
  2870 | D:5      | Reached XP level 6. HP: 13/36 MP: 10/10
  3068 | D:5      | Noticed a phantom
  3201 | D:5      | Slain by an orc wizard

Skill      XL: |  1  2  3  4  5 |
---------------+----------------+-----
Short Blades   | 2 3 |  3.3
Ice Magic      | 1 |  1.7
Stealth        | 5 |  5.2
Hexes          | 4 |  4.3
Dodging        | |  2.0
Spellcasting   | |  2.9

Action                   |  1- 3 |  4- 6 || total
-------------------------+-------+-------++-------
Melee: Dagger            |    78 |    75 ||   153
       Constrict         |    19 |    14 ||    33
       Tentacles         |    10 |     9 ||    19
Throw: Stone             |       |     2 ||     2
 Cast: Corona            |     1 |       ||     1
       Ensorcelled Hiber |     2 |    10 ||    12
 Stab: Sleeping          |    13 |    13 ||    26
       Distracted        |     1 |       ||     1
  Eat: Chunk             |     1 |     7 ||     8
Armor: Skin              |     7 |     6 ||    13
Dodge: Dodged            |    42 |    50 ||    92
